AoeStats
← Attila the Hun

Lombardia

510112340Analyzed
2v2 RM · 4d ago on Sep 29, 2026· 75m 17s· 4 players
Game mode
Random Map
Map size
Medium (4 player)
Population
200
Speed
Normal
Resources
Standard
Victory
Conquest
Starting age
Dark Age
Ending age
Imperial Age
RankedLock teamsTeams togetherTeam positionsShared explorationLock speedFull tech treeHidden civsTurbo modeCheats
Victory
Defeat
🇫🇷 Mongols · France
1081
+16
🇭🇰 Varangians · Hong Kong SAR China
1065
+17
🇦🇷 Saxons · Argentina
1132
-18
🇦🇷 Malay · Argentina
1046
-15
HOMA
4:40 Loom
10:32 Feudal Age
14:09 Castle Age
12:01 Double-Bit Axe
16:31 Scale Mail Armor
26:22 Chain Mail Armor
28:56 Stone Mining
29:33 Horse Collar
35:05 Imperial Age
33:43 Bow Saw
37:03 Wheelbarrow
37:42 Squires
38:52 Forging
38:58 Bloodlines
39:19 Scale Barding Armor
40:45 Conscription
40:55 Elite Varangian Guard
43:05 Iron Casting
43:01 Gold Mining
43:22 Gambesons
46:41 Blast Furnace
47:16 Chain Barding Armor
47:54 Plate Mail Armor
52:27 Two-Man Saw
51:01 Light Cavalry
51:44 Husbandry
52:20 Hussar
54:40 Plate Barding Armor
61:31 Arson
65:54 Hand Cart
Attila the Hun
5:12 Loom
10:07 Feudal Age
10:35 Double-Bit Axe
15:28 Horse Collar
16:35 Scale Barding Armor
17:45 Forging
24:56 Castle Age
23:24 Gold Mining
23:32 Stone Mining
24:40 Bloodlines
25:26 Fletching
25:37 Padded Archer Armor
26:45 Heavy Plow
28:06 Husbandry
28:33 Bow Saw
28:58 Light Cavalry
30:15 Chain Barding Armor
30:51 Bodkin Arrow
31:33 Iron Casting
32:04 Padded Archer Armor
37:11 Imperial Age
39:31 Chemistry
40:21 Conscription
40:45 Parthian Tactics
40:00 Capped Ram
40:42 Town Watch
42:14 Drill
42:48 Wheelbarrow
43:09 Bracer
43:34 Leather Archer Armor
44:19 Blast Furnace
46:07 Caravan
46:37 Coinage
49:39 Hand Cart
50:43 Stone Shaft Mining
50:43 Gold Shaft Mining
58:02 Town Patrol
61:19 Coinage
62:34 Banking
62:33 Ballistics
64:22 Elite Steppe Lancer
67:58 Scale Mail Armor
68:48 Heavy Cavalry Archer
73:34 Heavy Camel Rider
facumastandrea
10:20 Loom
12:06 Feudal Age
13:28 Double-Bit Axe
13:26 Horse Collar
16:36 Castle Age
18:28 Bow Saw
18:21 Heavy Plow
29:50 Forging
29:43 Scale Mail Armor
29:53 Squires
29:38 Arson
34:24 Imperial Age
32:31 Wheelbarrow
31:44 Town Watch
32:33 Chain Mail Armor
32:50 Forging
34:04 Gold Mining
34:05 Stone Mining
36:10 Plate Mail Armor
36:15 Iron Casting
35:08 Elite Hearth Troop
36:09 Conscription
37:06 Stone Mining
38:47 Shield Wall
39:49 Hand Cart
39:37 Elite Varangian Guard
40:04 Gambesons
40:40 Arson
43:14 Hoardings
46:33 Two-Man Saw
48:41 Town Patrol
49:25 Fletching
50:45 Gold Shaft Mining
50:29 Bodkin Arrow
55:43 Crop Rotation
59:46 Pikeman
62:08 Scale Barding Armor
63:09 Husbandry
64:44 Bloodlines
64:33 Light Cavalry
66:19 Halberdier
66:21 Hussar
67:31 Chain Barding Armor
MAGICO
6:56 Loom
12:24 Feudal Age
17:55 Castle Age
16:05 Stone Mining
25:11 Forging
33:12 Wheelbarrow
35:35 Horse Collar
38:45 Heavy Plow
39:49 Iron Casting
39:18 Squires
39:04 Arson
40:59 Gold Mining
44:39 Imperial Age
43:29 Hand Cart
45:02 Conscription
46:00 Blast Furnace
49:54 Fletching
50:56 Bodkin Arrow
53:05 Bracer
53:50 Double-Bit Axe
58:55 Capped Ram
59:40 Elite Karambit Warrior
61:23 Forced Levy
61:45 Man-at-Arms
62:22 Long Swordsman
62:57 Two-Handed Swordsman
70:49 Bow Saw
Connection lost

Rejoining the realm…

Still unreachable

The connection could not be restored.

Session expired

The server has moved on; the page needs a fresh start.